 Dungeon Crawl Stone Soup version 0.31-a0-232-gb1c03b2570 (webtiles) character file.

Game seed: 8553350239930642329

440 qw the Shooter (level 6, 0/53 HPs)
             Began as a Minotaur Hexslinger on July 7, 2023.
             Slain by a gnoll
             ... wielding a +0 club
             ... led by a gnoll bouda
              (4 damage)
             ... on level 5 of the Dungeon.
             The game lasted 00:01:19 (3891 turns).

qw the Shooter (Minotaur Hexslinger)                Turns: 3891, Time: 00:01:20

Health: 0/53       AC:  9    Str: 13    XL:     6   Next: 70%
Magic:  6/6        EV: 11    Int: 10    God:
Gold:   191        SH:  0    Dex: 14    Spells: 6/7 levels left

rFire   . . .        Y - +1 sling
rCold   . . .        (no shield)
rNeg    . . .        f - +0 ring mail
rPois   .            (helmet restricted)
rElec   .            (no cloak)
rCorr   .            (no gloves)
SInv    .            (no boots)
Will    .....        (no amulet)
Stlth   +            a - +4 ring of protection
HPRegen 0.28/turn    (no ring)
MPRegen 0.10/turn

%: no passive effects
@: lethally poisoned (0 -> -20), about to teleport, weakened
A: horns 2, retaliatory headbutt
a: no special abilities


You were on level 5 of the Dungeon.
You visited 1 branch of the dungeon, and saw 5 of its levels.

You collected 191 gold pieces.


Innate Abilities, Weirdness & Mutations

You have a pair of horns on your head.
You reflexively headbutt those who attack you in melee.


   Skills:
 - Level 4.6 Fighting
 + Level 6.6 Ranged Weapons
 - Level 1.2 Armour
 - Level 2.1 Dodging
 - Level 1.0 Spellcasting
 - Level 2.0 Hexes


You had 6 spell levels left.
You knew the following spells:

 Your Spells              Type           Power      Damage    Failure   Level
a - Slow                  Hex            16%        N/A       32%         1

Your spell library contained the following spells:

 Spells                   Type           Power      Damage    Failure   Level
 Inner Flame              Hex/Fire       2%         N/A       82%         3
 Portal Projectile        Hex/Tloc       4%         N/A       82%         3
 Cause Fear               Hex            2%         N/A       97%         4

Inventory:

Hand Weapons
 Y - a +1 sling (weapon)
Armour
 f - a +0 ring mail (worn)
Jewellery
 a - a +4 ring of protection (left hand)
Scrolls
 d - a scroll of identify
 j - a scroll of enchant armour
 k - a scroll of teleportation
Potions
 b - a potion of haste {unknown}
 h - a potion of enlightenment
 i - 3 potions of curing

Dungeon Overview and Level Annotations

Branches:
Dungeon (5/15)
 Temple: D:4-7

Altars:
Hepliaklqana

Shops:
D:4 (

Annotations:
D:3 1 runed translucent door, Crazy Yiuf


Message History

The sling bullet hits the gnoll!
The gnoll is heavily wounded.
You feel very sick.
The gnoll bouda gazes fiercely through you!
You feel as though you will be weak longer.
The gnoll bouda barely misses you. You furiously retaliate!
You headbutt the gnoll bouda. The gnoll closely misses you.
The gnoll hits you from afar with a +0 halberd.
The gnoll bouda barks out a call to the hunt!
The gnolls pick up the pace!
The gnoll hits you with a +0 club.
You shoot a sling bullet.
The sling bullet closely misses the gnoll bouda.
The sling bullet hits the gnoll!
You kill the gnoll!
You feel very sick. The gnoll hits you with a +0 club.
The gnoll bouda barely misses you. The gnoll hits you but does no damage.
3889 ||| READING 2 scrolls of teleportation.
As you read the scroll of teleportation, it crumbles to dust.
You feel strangely unstable.
You feel very sick. The gnoll hits you with a +0 club.
The gnoll bouda hits you but does no damage.
You are more poisoned.
The gnoll hits you but does no damage.
3890 ||| DRINKING potion of heal wounds.
You feel much better.
You feel very sick. The gnoll misses you.
The gnoll bouda hits you with a +2 whip of venom!
You are more poisoned.
You shoot a sling bullet. The sling bullet hits the gnoll bouda.
The gnoll bouda is severely wounded.
You feel extremely sick. The gnoll hits you but does no damage.
The gnoll bouda barks out a call to the hunt!
The gnoll picks up the pace!
The gnoll hits you with a +0 club.
You die...

#...........#
#...........##.
#..............
#...........#
###.........#
#.###.##### #.#
#.### ..# #g..#
. #.#
#@#.##.... #.
#gg.g...!.
#...g........
#........?.....
#.g###........#
#. ....##.### #
##...# .# .....
. ...#. #


You could see a gnoll bouda and 4 gnolls.

Vanquished Creatures
  A scorpion (D:4)
  A howler monkey (D:4)
  3 hounds (D:4)
  3 iguanas
  A sleepcap (D:5)
  2 gnolls
  4 adders
  2 worms (D:2)
  3 dart slugs
  8 ball pythons
  10 endoplasms
  10 giant cockroaches
  5 hobgoblins
  3 quokkas
  7 bats
  2 frilled lizards
  10 goblins
  3 kobolds
  5 rats
83 creatures vanquished.

Notes
Turn   | Place    | Note
-------+----------+-------------------------------------------
     0 | D:1      | qw the Minotaur Hexslinger began the quest for the Orb.
     0 | D:1      | Reached XP level 1. HP: 16/16 MP: 1/1
     0 | D:1      | 0 ||| qw: Version: 0.3-a-46-gb1f654a
     0 | D:1      | 0 ||| qw: Game counter: 2713
     0 | D:1      | 0 ||| qw: Melee chars always use a shield: true
     0 | D:1      | 0 ||| qw: God list: Okawaru
     0 | D:1      | 0 ||| qw: Allow faded altars: false
     0 | D:1      | 0 ||| qw: Do Orc after clearing Dungeon:15 true
     0 | D:1      | 0 ||| qw: Do second Lair branch before Depths: true
     0 | D:1      | 0 ||| qw: Lair rune preference: random
     0 | D:1      | 0 ||| qw: Goals: Normal
     0 | D:1      | 0 ||| PLANNING D:1-11
   186 | D:1      | Reached skill level 3 in Ranged Weapons
   193 | D:1      | Reached XP level 2. HP: 9/23 MP: 2/2
  1008 | D:1      | 1008 ||| UPGRADING to +0 ring mail.
  1018 | D:1      | 1018 ||| DROPPING +0 robe.
  1019 | D:1      | 1019 ||| READING scroll labelled DEUGRO SAERI.
  1020 | D:1      | 1020 ||| READING scroll labelled IFOLUSESOL.
  1021 | D:1      | 1021 ||| READING scroll labelled IMORHIZA EHOWU.
  1022 | D:1      | 1022 ||| DROPPING scroll of poison.
  1118 | D:2      | Reached XP level 3. HP: 19/29 MP: 3/3
  1432 | D:2      | Reached skill level 4 in Ranged Weapons
  1482 | D:2      | Reached skill level 1 in Armour
  1570 | D:2      | Reached XP level 4. HP: 21/36 MP: 4/4
  1690 | D:2      | Found a faded altar of an unknown god.
  1910 | D:2      | 1910 ||| UPGRADING to +4 ring of protection.
  1911 | D:2      | 1911 ||| READING scroll labelled UPAYTT WAXAE.
  1916 | D:2      | 1916 ||| READING scroll labelled ETEYRYKK JEOTO.
  1917 | D:2      | 1917 ||| READING 2 scrolls labelled XEREZ FUDI.
  1918 | D:2      | 1918 ||| READING 3 scrolls of identify.
  1918 | D:2      | 1918 ||| IDENTIFYING golden potion
  1919 | D:2      | 1919 ||| READING 2 scrolls of identify.
  1919 | D:2      | 1919 ||| IDENTIFYING lumpy yellow potion
  1920 | D:2      | 1920 ||| DROPPING scroll of blinking.
  2172 | D:3      | Reached skill level 5 in Ranged Weapons
  2638 | D:3      | Found a runed translucent door.
  2639 | D:3      | Noticed Crazy Yiuf
  2797 | D:3      | 2797 ||| READING scroll labelled CUYVOH WAXKEUH.
  2898 | D:3      | 2898 ||| READING scroll labelled VIUQEP YPHUG.
  2899 | D:3      | 2899 ||| READING scroll labelled USOGOE FOSEDERGH.
  2900 | D:3      | 2900 ||| READING 4 scrolls of identify.
  2900 | D:3      | 2900 ||| IDENTIFYING smoky green potion
  2901 | D:3      | 2901 ||| READING 3 scrolls of identify.
  2901 | D:3      | 2901 ||| IDENTIFYING brown potion
  2902 | D:3      | 2902 ||| READING 2 scrolls of identify.
  2902 | D:3      | 2902 ||| IDENTIFYING grey potion
  2903 | D:3      | 2903 ||| DROPPING potion of degeneration.
  2904 | D:3      | 2904 ||| DROPPING potion of attraction.
  2965 | D:4      | Reached skill level 3 in Fighting
  2965 | D:4      | Reached XP level 5. HP: 39/45 MP: 5/5
  3019 | D:4      | Found a hazy altar of Hepliaklqana.
  3196 | D:4      | Reached skill level 6 in Ranged Weapons
  3216 | D:4      | Found Nyekh's Antique Weapon Shoppe.
  3233 | D:4      | Reached XP level 6. HP: 52/52 MP: 6/6
  3752 | D:5      | Entered Level 5 of the Dungeon
  3878 | D:5      | 3878 ||| Stepping ~*~*~tactically~*~*~ (outnumbered).
  3880 | D:5      | 3880 ||| Stepping ~*~*~tactically~*~*~ (outnumbered).
  3888 | D:5      | HP: 11/53 [gnoll/+0 club[a gnoll bouda] (3)]
  3889 | D:5      | 3889 ||| READING 2 scrolls of teleportation.
  3890 | D:5      | 3890 ||| DRINKING potion of heal wounds.
  3891 | D:5      | HP: 4/53 [poisoned by a gnoll bouda]
  3891 | D:5      | Slain by a gnoll

Levels and vault maps discovered:
D:1:      elethiomel_arrival_maze, layout_loops_corners,
          chequers_serial_rivers_micro_b, minmay_shallow_snake_nest
D:2:      layout_loops_ring, dreamdust_ecumenical_altar_statues,
          nicolae_the_louvre
D:3:      layout_loops_ring, kennysheep_cluttered_room, minmay_quantized,
          uniq_crazy_yiuf_cottage
D:4:      layout_rooms, mainiacjoe_overflow_cross_hatched, serial_shops, shop
D:5:      layout_rooms, lemuel_coloured_pillars_altar, xom_confusion_cloud,
          eino_tiny_chamber

Skill      XL: |  1  2  3  4  5  6 |
---------------+-------------------+-----
Ranged Weapons | 3 4 5 6 |  6.6
Fighting       | 2 3 4 |  4.6
Armour         | 1 |  1.2
Dodging        | |  2.1
Spellcasting   | |  1.0
Hexes          | |  2.0

Action                     |  1- 3 |  4- 6 || total
---------------------------+-------+-------++-------
   Fire: Sling             |   132 |   189 ||   321
    Use: Scroll            |     3 |    12 ||    15
         Potion            |       |     1 ||     1
 Armour: Ring mail         |    16 |    57 ||    73
         Robe              |     3 |       ||     3
  Dodge: Dodged            |    28 |    71 ||    99

Table legend:
 A = Non-vault XP
 B = Vault XP
 C = Vault XP percentage of total XP
 D = Non-vault monster count
 E = Vault monster count
 F = Vault count percentage of total count
                 A         B        C        D         E       F
            +---------+---------+-------+---------+---------+-------
      Total |     594 |      35 |   5.6 |      76 |       7 |   8.4
            +---------+---------+-------+---------+---------+-------
        D:1 |      33 |       3 |   8.3 |      21 |       2 |   8.7
        D:2 |      68 |       0 |   0.0 |      20 |       0 |   0.0
        D:3 |      50 |      32 |  39.0 |      19 |       5 |  20.8
        D:4 |     354 |       0 |   0.0 |      13 |       0 |   0.0
        D:5 |      89 |       0 |   0.0 |       3 |       0 |   0.0
            +---------+---------+-------+---------+---------+-------
